 Dungeon Crawl Stone Soup version 0.20.1-1-g8b1a95d (webtiles) character file.

6610 kaze the Carver (level 11, -34/111 HPs)
             Began as a Gargoyle Berserker on Sept 17, 2017.
             Was an Elder of Trog.
             Killed from afar by an ice dragon (42 damage)
             ... with a blast of cold
             ... on level 9 of the Dungeon.
             The game lasted 00:16:59 (8376 turns).

kaze the Carver (Gargoyle Berserker)                Turns: 8376, Time: 00:16:59

Health: -34/111    AC: 24    Str: 30    XL:     11   Next: 2%
Magic:  11/11      EV: 13    Int:  7    God:    Trog [****..]
Gold:   582        SH:  0    Dex: 16    Spells: 10/10 levels left

rFire    + + .     SeeInvis +   a - +2 falchion
rCold    x . .     Gourm    .   (no shield)
rNeg     + . .     Faith    .   n - +3 fire dragon scales
rPois    ∞         Spirit   .   (no helmet)
rElec    +         Reflect  .   c - +0 cloak
rCorr    .         Harm     .   (no gloves)
MR       .....                  (no boots)
Stlth    ..........             q - amulet of rage
Regen    0.3/turn               d - +4 ring of dexterity
MPRegen  0.2/turn               t - +3 ring of dexterity

@: berserking (expiring), very quick
A: yellow scales 1, see invisible, mutation resistance 1, negative energy
resistance 1, robust 1, electricity resistance, unbreathing, petrification
resistance, rot immunity, AC +7
a: Berserk, Trog's Hand, Brothers in Arms, Burn Spellbooks, Renounce Religion,
Evoke Berserk Rage


You were on level 9 of the Dungeon.
You worshipped Trog.
Trog was greatly pleased with you.
You were not hungry.

You visited 1 branch of the dungeon, and saw 9 of its levels.

You collected 582 gold pieces.

Inventory:

Hand Weapons
 a - a +2 falchion (weapon)
Missiles
 v - 11 tomahawks (quivered)
 y - 5 poisoned tomahawks
Armour
 c - a +0 cloak (worn)
 n - +3 fire dragon scales (worn)
 p - a +5 scale mail of poison resistance
 K - a +0 plate armour
Jewellery
 d - a +4 ring of dexterity (left hand)
 q - an amulet of rage (around neck)
 s - a +1 ring of evasion
 t - a +3 ring of dexterity (right hand)
Scrolls
 e - 13 scrolls of identify
 f - 4 scrolls of teleportation
 i - 4 scrolls of magic mapping
 k - a scroll of remove curse
 z - a scroll of recharging
 E - a scroll of random uselessness {unknown}
Potions
 g - 3 potions of resistance {unknown}
 h - 6 potions of curing {unknown}
 j - a potion of berserk rage {unknown}
 l - a potion of flight {unknown}
 m - 4 potions of magic {unknown}
 u - 2 potions of might {unknown}
 D - 2 potions of degeneration {unknown}
 F - a potion of invisibility {unknown}
 G - 3 potions of heal wounds {unknown}
 I - a potion of lignification {unknown}
Comestibles
 B - 4 meat rations
 C - 4 bread rations


   Skills:
 + Level 7.9 Fighting
 + Level 10.7 Long Blades
 + Level 3.2 Throwing
 + Level 8.0 Armour
 + Level 4.9 Dodging
 + Level 1.7 Stealth


You had 10 spell levels left.
You didn't know any spells.

Dungeon Overview and Level Annotations

Branches:
Dungeon (9/15)             Temple (0/1) D:7
   Lair: D:8-11         Orc: D:9-12

Altars:
Ashenzari
Dithmenos
Fedhas
Gozag
Hepliaklqana
Makhleb
Ru
Trog
Xom

Shops:
D:2 *

Annotations:
D:9 1 runed door


Innate Abilities, Weirdness & Mutations

You are resistant to torment.
Your stone body is resilient. (AC +7)
You are immune to poison.
You resist negative energy. (rN+)
You are resistant to electric shocks. (rElec)
You can survive without breathing.
You are immune to petrification.
You are immune to rotting.
You are partially covered in yellow scales. (AC +2)
You have supernaturally acute eyesight. (SInv)
You are somewhat resistant to further mutation.
You are robust. (+10% HP)


Message History

The ice dragon is moderately wounded.
The ice dragon breathes frost at you. The blast of cold hits you!
You feel a terrible chill!
* * * LOW HITPOINT WARNING * * *
Unknown command.
You slash the ice dragon!
The ice dragon is heavily wounded.
Unknown command.
You slice the ice dragon!!
The ice dragon is severely wounded.
The ice dragon bites you.
* * * LOW HITPOINT WARNING * * *
The ice dragon claws you but does no damage.
The ice dragon tramples you.
* * * LOW HITPOINT WARNING * * *
You stumble backwards!
The ice dragon breathes frost at you.
The blast of cold hits the ice dragon.
The ice dragon resists.
The blast of cold hits you!
You feel a terrible chill!
You die...

##### ## .# '#### ....#
....# ######### ....#
......$## ....#
#####.###..## ....#
#.@D[D......# ....#
#.####'####.# ....#
...#≈≈#....#.# ....#
#...#≈≈#..⌠.#.# ....#
#...####....#.# #####
#.#.#...[...#.# ...#
#.!.#.$..####.# ##'###
######'.#.⌠..#≈≈#.#
.....####.......#....#≈≈#.#


You could see 2 ice dragons.

Vanquished Creatures
  A fire dragon (D:9)
  Pikel (D:8)
  The ghost of vatarom the Summoner, a novice MfSu of Sif Muna (D:6)
  A cyclops (D:9)
  A hippogriff (D:9)
  A spriggan (D:7)
  Menkaure (D:7)
  Duvessa (D:7)
  A water moccasin (D:5)
  2 orc warriors
  2 sky beasts
  3 ice beasts
  3 phantoms
  4 ogres
  A necrophage (D:6)
  2 centaurs
  4 bullfrogs
  Dowan (D:7)
  3 scorpions
  9 killer bees (D:7)
  A howler monkey (D:6)
  7 crimson imps
  A quasit (D:9)
  4 orc priests
  4 hounds
  A bullfrog skeleton (D:6)
  Ijyb (D:3)
  3 iguanas
  5 orc wizards
  6 worker ants
  A hound zombie (D:5)
  A hound skeleton (D:4)
  3 gnolls (D:2)
  12 adders
  A shadow imp (D:7)
  An adder zombie (D:8)
  2 adder skeletons
  4 worms
  A dart slug (D:2)
  4 leopard geckos
  19 orcs
  4 bats
  6 giant cockroaches
  6 goblins
  6 hobgoblins
  7 jackals
  3 quokkas
  2 ball pythons (D:2)
  3 frilled lizards (D:2)
  6 kobolds
  A quokka skeleton (D:6)
  6 rats
175 creatures vanquished.

Vanquished Creatures (collateral kills)
  A fire dragon (D:9)
1 creature vanquished.

Vanquished Creatures (others)
  A worker ant (D:8)
1 creature vanquished.

Grand Total: 177 creatures vanquished

Notes
Turn   | Place    | Note
-------+----------+-------------------------------------------
     0 | D:1      | kaze the Gargoyle Berserker began the quest for the Orb.
     0 | D:1      | Reached XP level 1. HP: 14/14 MP: 1/1
   516 | D:1      | Reached skill level 3 in Long Blades
   516 | D:1      | Reached XP level 2. HP: 13/19 MP: 2/2
  1537 | D:2      | Reached XP level 3. HP: 15/23 MP: 3/3
  1659 | D:2      | Found Gozag's Platinum Reserve.
  1663 | D:2      | Found an opulent altar of Gozag.
  1767 | D:2      | Reached XP level 4. HP: 26/29 MP: 4/4
  2023 | D:2      | Reached ** piety under Trog
  2064 | D:2      | Found an opulent altar of Gozag.
  2177 | D:2      | Found a bloodstained altar of Trog.
  2352 | D:3      | Noticed Ijyb
  2387 | D:3      | Killed Ijyb
  2387 | D:3      | Reached XP level 5. HP: 6/33 MP: 5/5
  2447 | D:3      | Reached skill level 4 in Long Blades
  2795 | D:3      | Found a faded altar of an unknown god.
  3146 | D:3      | Found a burning altar of Makhleb.
  3451 | D:4      | Reached XP level 6. HP: 38/38 MP: 6/6
  3465 | D:4      | Noticed a phantom
  3504 | D:4      | Killed a phantom
  3504 | D:4      | Reached skill level 5 in Long Blades
  3504 | D:4      | Reached skill level 1 in Stealth
  4092 | D:4      | Found a shattered altar of Ashenzari.
  4103 | D:4      | Found a blossoming altar of Fedhas.
  4103 | D:4      | Found a sacrificial altar of Ru.
  4149 | D:5      | Entered Level 5 of the Dungeon
  4164 | D:5      | Reached XP level 7. HP: 44/44 MP: 7/7
  4583 | D:5      | Reached skill level 6 in Long Blades
  4587 | D:5      | Gained mutation: You are robust. (+10% HP) [mutagenic meat]
  4588 | D:5      | Gained mutation: You are somewhat resistant to further mutation. [mutagenic meat]
  4589 | D:5      | Gained mutation: You have supernaturally acute eyesight. (SInv) [mutagenic meat]
  4592 | D:5      | Gained mutation: You are partially covered in yellow scales. (AC +2) [mutagenic meat]
  4645 | D:5      | Reached skill level 1 in Throwing
  4645 | D:5      | Reached XP level 8. HP: 3/52 MP: 8/8
  5295 | D:5      | Reached *** piety under Trog
  5295 | D:5      | Reached skill level 5 in Fighting
  5412 | D:6      | Reached skill level 7 in Long Blades
  5793 | D:6      | Noticed vatarom's ghost (novice MfSu)
  5801 | D:6      | Reached skill level 5 in Armour
  5828 | D:6      | Killed vatarom's ghost
  5828 | D:6      | Reached XP level 9. HP: 60/60 MP: 9/9
  6065 | D:6      | Reached skill level 8 in Long Blades
  6252 | D:7      | Found a shimmering altar of Xom.
  6320 | D:7      | Noticed Duvessa
  6326 | D:7      | Noticed Dowan
  6337 | D:7      | Killed Duvessa
  6354 | D:7      | Killed Dowan
  6376 | D:7      | Found a staircase to the Ecumenical Temple.
  6419 | D:7      | Noticed Menkaure
  6440 | D:7      | Killed Menkaure
  6567 | D:7      | Reached skill level 9 in Long Blades
  6572 | D:7      | Reached **** piety under Trog
  6611 | D:7      | Found a shadowy altar of Dithmenos.
  6807 | D:7      | Reached XP level 10. HP: 64/66 MP: 10/10
  7329 | D:8      | Noticed Pikel
  7342 | D:8      | Killed Pikel
  7377 | D:8      | Identified the Reference Book on Dislocated Moulding
  7518 | D:8      | Found a hazy altar of Hepliaklqana.
  8042 | D:9      | Reached skill level 10 in Long Blades
  8171 | D:9      | Noticed a cyclops
  8181 | D:9      | Killed a cyclops
  8210 | D:9      | Noticed a fire dragon
  8229 | D:9      | Killed a fire dragon
  8311 | D:9      | Noticed an ice dragon
  8313 | D:9      | Noticed a fire dragon
  8316 | D:9      | Found a runed door.
  8316 | D:9      | Noticed an ice dragon
  8332 | D:9      | Found a runed door.
  8368 | D:9      | Killed a fire dragon
  8368 | D:9      | Reached XP level 11. HP: 74/74 MP: 11/11
  8376 | D:9      | Killed from afar by an ice dragon

Skill      XL: |  1  2  3  4  5  6  7  8  9 10 |
---------------+-------------------------------+-----
Long Blades    | 3 4 5 6 7 9 10 | 10.7
Dodging        | 2 3 4 |  4.9
Fighting       | 4 5 6 7 |  7.9
Armour         | 3 4 5 6 8 |  8.0
Stealth        | 1 |  1.7
Throwing       | 1 2 3 |  3.2

Action                   |  1- 3 |  4- 6 |  7- 9 | 10-12 || total
-------------------------+-------+-------+-------+-------++-------
Melee: Falchion          |    92 |   255 |   469 |   213 ||  1029
Throw: Tomahawk          |       |     1 |    52 |       ||    53
Invok: Berserk           |       |     1 |     2 |     2 ||     5
       Trog's Hand       |       |       |     3 |     2 ||     5
       Burn Spellbooks   |       |       |       |     1 ||     1
       Brothers in Arms  |       |       |       |     1 ||     1
  Use: Scroll            |     8 |     3 |     5 |     5 ||    21
  Eat: Bread ration      |     1 |       |     2 |       ||     3
       Chunk             |       |     4 |     8 |     9 ||    21
       Meat ration       |       |     1 |       |       ||     1
       Royal jelly       |       |       |     1 |     1 ||     2
Armor: Animal skin       |    26 |       |       |       ||    26
       Chain mail        |     4 |    49 |       |       ||    53
       Scale mail        |       |   111 |   269 |   103 ||   483
       Fire dragon scale |       |       |       |    31 ||    31
Dodge: Dodged            |    67 |   110 |   316 |   140 ||   633
       Rpst.: Falchion   |    18 |    31 |   112 |    37 ||   198
